 Dungeon Crawl Stone Soup version 0.30-a0-557-ge2afbf3030 (webtiles) character file.

Game seed: 12222880830549321142

5359 Shayle the Nimble (level 10, -8/64 HPs)
             Began as a Tengu Reaver on Dec 27, 2022.
             Was an Initiate of Kikubaaqudgha.
             Mangled by a death yak (12 damage)
             ... on level 9 of the Dungeon.
             The game lasted 00:31:54 (9588 turns).

Shayle the Nimble (Tengu Reaver)                    Turns: 9588, Time: 00:31:54

Health: -8/64      AC:  8    Str: 12    XL:     10   Next: 65%
Magic:  12/22      EV: 17    Int: 25    God:    Kikubaaqudgha [......]
Gold:   548        SH:  8    Dex: 12    Spells: 11/23 levels left

rFire   . . .      SeeInvis .    o - +10 mace "Acsith" {freeze, rPois}
rCold   . . .      Faith    .    p - +0 buckler
rNeg    . . .      Spirit   .    b - +0 leather armour
rPois   +          Reflect  +    (helmet restricted)
rElec   .          Harm     .    k - +1 cloak of Ashenzari's Outrage {rCorr}
rCorr   +          Rampage  .    i - +2 pair of gloves
Will    .....                    (boots unavailable)
Stlth   +                        F - amulet of reflection
HPRegen 0.30/turn                c - +6 ring of intelligence
MPRegen 0.18/turn                r - ring of wizardry

@: freezing walls, flying quickly and evasively, very slightly contaminated,
studying Maces & Flails, quick
A: beak, talons 3, nimble flight
a: Renounce Religion


You were on level 9 of the Dungeon.
You worshipped Kikubaaqudgha.
Kikubaaqudgha was noncommittal.
You visited 2 branches of the dungeon, and saw 11 of its levels.
You also visited: Sewer.

You collected 548 gold pieces.

Inventory:

Hand Weapons
 a - a +0 spear
 o - the +10 mace "Acsith" (weapon) {freeze, rPois}
   (You found it on level 2 of the Dungeon)

   It freezes those it strikes, dealing additional cold damage.
   It can also slow down cold-blooded creatures.
   rPois:     It protects you from poison.
 x - a +2 dagger of freezing
 K - a +2 whip of electrocution
 O - the +6 halberd "Owkuereo" {venom, rF+}
   (You found it on level 7 of the Dungeon)

   It poisons the flesh of those it strikes.
   rF:        It protects you from fire.
Missiles
 E - 5 atropa-tipped darts
Armour
 b - a +0 leather armour (worn)
 i - a +2 pair of gloves (worn)
 k - the +1 cloak of Ashenzari's Outrage (worn) {rCorr}
   (You acquired it on level 8 of the Dungeon)

   rCorr:     It protects you from acid and corrosion.
 p - a +0 buckler (worn)
 y - a +2 cloak
 L - a +2 robe of willpower
 Q - a +2 hat of willpower
Jewellery
 c - a +6 ring of intelligence (left hand)
 m - a +6 ring of intelligence
 r - a ring of wizardry (right hand)
 v - a +4 ring of evasion
 F - an amulet of reflection (around neck)
 H - a +4 ring of evasion
Wands
 t - a wand of charming (15)
 u - a wand of polymorph (4)
 G - a wand of light (5)
 M - a wand of flame (12)
 R - a wand of roots (2)
Scrolls
 d - a scroll of fog
 f - 3 scrolls of torment
 g - a scroll of enchant armour
 j - 4 scrolls of teleportation
 q - 2 scrolls of vulnerability
 A - a scroll of immolation
Potions
 e - a potion of mutation {unknown}
 h - 2 potions of might
 l - a potion of haste {unknown}
 n - a potion of berserk rage {unknown}
 s - 4 potions of flight
 z - 2 potions of brilliance {unknown}
 B - a potion of resistance {unknown}
 D - a potion of attraction {unknown}
 I - a potion of invisibility
 J - a potion of ambrosia {unknown}
 N - a potion of heal wounds {unknown}
 P - a potion of lignification {unknown}


   Skills:
 + Level 8.0 Fighting
 - Level 3.2 Polearms
 + Level 8.8 Dodging
 + Level 7.3 Spellcasting
 - Level 4.0 Conjurations
 + Level 8.4 Necromancy
 + Level 1.1 Ice Magic


You had 11 spell levels left.
You knew the following spells:

 Your Spells              Type           Power      Damage    Failure   Level
a - Kiss of Death         Conj/Necr      100%       2d13      1%          1
b - Animate Dead          Necr           50%        N/A       1%          4
c - Anguish               Hex/Necr       15%        N/A       9%          4
d - Frozen Ramparts       Ice            28%        1d5       9%          3

Your spell library contained the following spells:

 Spells                   Type           Power      Damage    Failure   Level
 Necrotise                Necr           100%       1d9       1%          1
 Sublimation of Blood     Necr           50%        N/A       1%          2
 Momentum Strike          Conj/Tloc      38%        3d9       3%          2
 Hailstorm                Conj/Ice       22%        3d7       4%          3
 Agony                    Necr           50%        N/A       4%          5
 Ensorcelled Hibernation  Hex/Ice        22%        N/A       6%          2
 Dazzling Flash           Conj/Hex       38%        N/A       6%          3
 Ozocubu's Armour         Ice            14%        N/A       9%          3
 Inner Flame              Hex/Fire       9%         N/A       14%         3
 Spider Form              Tmut/Pois      9%         N/A       14%         3
 Tukima's Dance           Hex            9%         N/A       14%         3
 Ice Form                 Ice/Tmut       11%        N/A       34%         4
 Summon Ice Beast         Ice/Summ       11%        N/A       34%         4
 Cause Fear               Hex            4%         N/A       41%         4
 Passage of Golubria      Tloc           9%         N/A       41%         4
 Simulacrum               Ice/Necr       16%        N/A       65%         6
 Metabolic Englaciation   Hex/Ice        5%         N/A       67%         5
 Silence                  Hex/Air        4%         N/A       75%         5
 Yara's Violent Unravell  Hex/Tmut       4%         3d4       75%         5
 Discord                  Hex            4%         N/A       100%        8


Dungeon Overview and Level Annotations

Branches:
Dungeon (10/15)            Temple (1/1) D:5            Lair (0/5) D:9
  Sewer (visited)
    Orc: D:9-12

Altars:
Ashenzari
Cheibriados
Dithmenos
Elyvilon
Fedhas
Gozag
Hepliaklqana
Kikubaaqudgha
Makhleb
Nemelex Xobeh
Okawaru
Qazlal
Ru
Sif Muna
Trog
Uskayaw
Vehumet
Wu Jian
Xom
Yredelemnul
Zin
The Shining One

Shops:
D:3 :   D:7 [   D:8 (

Annotations:
D:9 6 runed translucent doors, exclusion: oklob plant
D:10 Urug


Innate Abilities, Weirdness & Mutations

You have a beak for a mouth.
You have claws for feet.
Your magical nature lets you fly swiftly and evasively.


Message History

You claw the death yak, but do no damage.
The death yak is lightly wounded.
The wall freezes the death yak but does no damage.
You block the death yak's attack.
The wall freezes the death yak.
You block the death yak's attack.
You sock the death yak! You freeze the death yak.
The death yak is moderately wounded.
The wall freezes the death yak but does no damage.
The death yak gores you!!
You hit the death yak but do no damage.
The death yak is moderately wounded.
The frozen ramparts melt away.
The death yak misses you. The death yak gores you!
Casting: Anguish (dangerous; 9% risk of failure)
Confirm with . or Enter, or press ? or * to list all spells.
Casting: Frozen Ramparts (dangerous; 9% risk of failure)
Press: ? - help, Dir - look around, f - activate You miscast Frozen Ramparts.
Nothing appears to happen.
The death yak barely misses you.
Casting: Frozen Ramparts (dangerous; 9% risk of failure)
Confirm with . or Enter, or press ? or * to list all spells.
Casting: Frozen Ramparts (dangerous; 9% risk of failure)
Press: ? - help, Dir - look around, f - activate The walls around you are covered in ice.
The wall freezes the death yak.
The death yak closely misses you.
You sock the death yak! You freeze the death yak.
You claw the death yak, but do no damage.
The death yak is heavily wounded.
The wall freezes the death yak but does no damage.
The death yak gores you!
You sock the death yak! You freeze the death yak. You claw the death yak.
You peck the death yak, but do no damage.
The death yak is severely wounded.
The wall freezes the death yak but does no damage.
The death yak gores you!!
* * * LOW HITPOINT WARNING * * *
The wall freezes the death yak but does no damage.
The death yak gores you!
You die...
Kikubaaqudgha rasps: "You have failed me!
Welcome... death!"

#. .............
#.##...........#
#..............#
####........# #.#
.†..<..."..# #.#
####.......# #.#
#.......# #.#
#.......# #Y#
#.[.....#####@#######
#.#####.............#
#.# #.......#######
#.# #.......#
#.......#
#.#####.......#
.......<......#######
#.#####.............#
### #.#####.#######


You could see a death yak.

Vanquished Creatures
  2 death yaks (D:8)
  A cyclops (D:8)
  Grinder (D:3)
  A wraith (D:9)
  3 redbacks (D:9)
  2 water moccasins
  3 orc warriors
  2 sky beasts
  An ice beast (D:6)
  2 ogres (D:5)
  A centaur (D:7)
  A phantom (D:5)
  A kobold brigand (D:9)
  Blork the orc (D:5)
  2 bullfrogs
  2 necrophages (D:6)
  A scorpion (D:7)
  7 wights
  4 killer bees
  2 howler monkeys (D:8)
  An orc priest (D:8)
  3 hounds
  Jessica (D:2)
  4 iguanas
  4 hell rats (D:9)
  2 orc wizards
  A merfolk avatar (Sewer)
  A merfolk siren (Sewer)
  4 adders
  4 river rats
  A shadow imp (D:5)
  2 white imps
  A worm (D:2)
  2 dart slugs
  29 orcs
  4 bats
  8 endoplasms
  4 giant cockroaches
  10 hobgoblins
  6 jackals
  15 kobolds
  5 quokkas
  8 ball pythons
  8 frilled lizards
  4 goblins
  30 rats
202 creatures vanquished.

Vanquished Creatures (collateral kills)
  A two-headed ogre (D:10)
  A wight (D:7)
  2 orc wizards (D:8)
4 creatures vanquished.

Vanquished Creatures (others)
  A centaur (D:8)
  A wight (D:7)
  A centaur zombie (D:8)
  An orc (D:8)
  6 fungi (D:9)
  26 plants (D:9)
36 creatures vanquished.

Grand Total: 242 creatures vanquished

Notes
Turn   | Place    | Note
-------+----------+-------------------------------------------
     0 | D:1      | Shayle the Tengu Reaver began the quest for the Orb.
     0 | D:1      | Reached XP level 1. HP: 12/12 MP: 4/4
    93 | D:1      | Reached XP level 2. HP: 10/17 MP: 6/6
   296 | D:1      | Reached skill level 1 in Necromancy
   446 | D:1      | Reached XP level 3. HP: 22/22 MP: 7/7
   835 | D:2      | Noticed Jessica
   842 | D:2      | Killed Jessica
   843 | D:2      | Reached XP level 4. HP: 21/27 MP: 8/8
   928 | D:2      | Identified the +10 mace "Acsith" {freeze, rPois}
  1236 | D:3      | Found a glowing drain.
  1240 | Sewer    | Entered a sewer
  1441 | Sewer    | Gained mutation: Your magical nature lets you fly swiftly
                  | and evasively. [Tengu growth]
  1441 | Sewer    | Reached XP level 5. HP: 26/32 MP: 10/10
  1528 | Sewer    | Noticed a malarious merfolk avatar
  1537 | Sewer    | Killed a malarious merfolk avatar
  1803 | D:3      | Found Cotilaob's Book Shoppe.
  1806 | D:3      | Noticed Grinder
  1807 | D:3      | Paralysed by Grinder for 2 turns
  1830 | D:3      | Killed Grinder
  1831 | D:3      | Reached XP level 6. HP: 17/38 MP: 10/12
  2442 | D:4      | Reached XP level 7. HP: 42/42 MP: 13/13
  3054 | D:5      | Entered Level 5 of the Dungeon
  3074 | D:5      | Found a basalt altar of Yredelemnul.
  3129 | D:5      | Reached skill level 5 in Dodging
  3333 | D:5      | Found a staircase to the Ecumenical Temple.
  3352 | Temple   | Entered the Ecumenical Temple
  3688 | D:5      | Noticed Blork the orc
  3696 | D:5      | Killed Blork the orc
  3697 | D:5      | Reached XP level 8. HP: 48/48 MP: 15/15
  3955 | D:6      | Reached skill level 5 in Fighting
  4020 | D:6      | Reached skill level 5 in Necromancy
  4265 | D:6      | Reached skill level 5 in Spellcasting
  5365 | D:7      | Reached XP level 9. HP: 39/55 MP: 16/18
  5872 | D:7      | Identified the +6 halberd "Owkuereo" {venom, rF+}
  6159 | D:7      | Found Pustrili's Armour Emporium.
  6247 | D:7      | Found a burning altar of Makhleb.
  6248 | D:7      | Found a hide-covered altar of Uskayaw.
  6250 | D:7      | Found an ancient bone altar of Kikubaaqudgha.
  6250 | D:7      | Found a bloodstained altar of Trog.
  6254 | D:7      | Became a worshipper of Kikubaaqudgha
  6545 | D:8      | Found a shimmering altar of Xom.
  6869 | D:8      | Found an opulent altar of Gozag.
  6877 | D:8      | Found Nofeidgh's Weapon Shoppe.
  7233 | D:9      | Noticed a death yak
  7233 | D:9      | Noticed a death yak
  7235 | D:9      | Found a staircase to the Lair.
  7235 | D:9      | Noticed a death yak
  7241 | D:9      | Found a blossoming altar of Fedhas.
  7301 | D:9      | Noticed an oklob plant
  7570 | D:8      | Identified a scroll of acquirement
  7570 | D:8      | Acquired the +1 cloak of Ashenzari's Outrage {rCorr}
  8200 | D:10     | Entered Level 10 of the Dungeon
  8249 | D:10     | Noticed Urug
  8249 | D:10     | Noticed a two-headed ogre
  8266 | D:10     | Killed a two-headed ogre
  8266 | D:10     | Reached * piety under Kikubaaqudgha
  8266 | D:10     | Received a gift from Kikubaaqudgha
  8267 | D:10     | Reached XP level 10. HP: 31/63 MP: 19/21
  8567 | D:9      | Found a runed translucent door.
  8769 | D:9      | Found a runed translucent gate.
  8772 | D:9      | Found a runed translucent gate.
  8778 | D:9      | Found a runed translucent gate.
  8778 | D:9      | Found a runed translucent gate.
  8778 | D:9      | Found a runed translucent gate.
  8778 | D:9      | Noticed a boulder beetle
  8778 | D:9      | Noticed a lindwurm
  8779 | D:9      | Found a runed translucent gate.
  8899 | D:8      | Killed a death yak
  9003 | D:8      | Learned a level 4 spell: Animate Dead
  9008 | D:8      | Learned a level 4 spell: Anguish
  9012 | D:8      | Learned a level 3 spell: Frozen Ramparts
  9026 | D:8      | HP: 1/64 [death yak (17)]
  9316 | D:8      | Killed a death yak
  9317 | D:8      | Reached skill level 1 in Ice Magic
  9588 | D:9      | Mangled by a death yak

Illustrated notes

Levels and vault maps discovered:
D:1:      scummos_arrival_checkerplants, layout_loops_ring
D:2:      layout_basic, uniq_jessica
D:3:      layout_basic, serial_shops, shop, gup_sewer_entry_bowl, uniq_grinder
D:4:      layout_loops_ring
D:5:      layout_basic, mainiacjoe_overflow_small_starburst,
          minmay_temple_entry_mist, uniq_blork_the_orc
D:6:      layout_basic
D:7:      layout_loops_ring, mainiacjoe_overflow_alcove_3, serial_shops,
          kennysheep_little_box
D:8:      layout_loops_ring, xom_teletrap_fun, grunt_gozag_statues,
          serial_shops, shop_fountains, grunt_decor_mini_mirrors
D:9:      gammafunk_indiana_jones, layout_small_grid, tgw_fedhas,
          dpeg_lair_monsters, serial_glass, glass_columns_b, glass_columns_a
D:10:     layout_roguey [special_room_orc], disabler_island, uniq_urug
Temple:   nicolae_temple_two_arcs

Skill      XL: |  1  2  3  4  5  6  7  8  9 10 |
---------------+-------------------------------+-----
Necromancy     | 1 2 3 4 5 7 8 |  8.4
Dodging        | 3 4 5 6 8 |  8.8
Fighting       | 3 4 5 7 8 |  8.0
Spellcasting   | 3 4 5 6 7 |  7.3
Ice Magic      | 1 |  1.1
Polearms       | |  3.2
Conjurations   | |  4.0

Action                   |  1- 3 |  4- 6 |  7- 9 | 10-12 || total
-------------------------+-------+-------+-------+-------++-------
Melee: Spear             |    75 |     7 |       |       ||    82
       Kick              |    12 |    23 |    70 |    21 ||   126
       Peck              |    10 |    10 |    55 |    24 ||    99
       Mace              |       |   131 |   281 |    74 ||   486
 Cast: Frozen Ramparts   |       |       |       |     5 ||     5
       Animate Dead      |       |       |       |     2 ||     2
Invok: Unearth Wretches  |       |       |       |     1 ||     1
Evoke: Wand              |       |       |     8 |    10 ||    18
  Use: Scroll            |       |     3 |    14 |     1 ||    18
       Potion            |       |       |     2 |     2 ||     4
 Stab: Sleeping          |     1 |       |       |       ||     1
       Invisible         |       |       |     2 |       ||     2
       Paralysed         |       |       |       |     1 ||     1
Armor: Leather armour    |    12 |    56 |    60 |     9 ||   137
Dodge: Dodged            |    41 |   114 |   168 |    55 ||   378
Block: Buckler           |       |    22 |   108 |    29 ||   159

Table legend: (Time is in decaauts)
 A = Elapsed time spent in this place.
 B = Non-inter-level travel time spent in this place.
 C = Inter-level travel time spent in this place.
 D = Time resting spent in this place.
 E = Time spent auto-exploring this place.
 F = Levels seen in this place.
 G = Mean time per level.
                   A        B        C        D        E       F      G
               +--------+--------+--------+--------+--------+-----+--------+
         Total |   9341 |   8908 |    433 |   1925 |   4254 |  12 |  778.4 |
       Dungeon |   8729 |   8296 |    433 |   1786 |   4202 |  10 |  872.9 |
        Temple |     62 |     62 |      0 |      0 |      0 |   1 |   62.0 |
         Sewer |    550 |    550 |      0 |    138 |     51 |   1 |  550.0 |
               +--------+--------+--------+--------+--------+-----+--------+

Top non-repeatable levels by time:
     D:8: 1937 daAuts
     D:6: 1488 daAuts
     D:7: 1134 daAuts
     D:9: 1027 daAuts
     D:1: 694 daAuts
     D:3: 663 daAuts
     D:4: 628 daAuts
     D:5: 609 daAuts
   Sewer: 550 daAuts
     D:2: 488 daAuts
  Temple: 62 daAuts
    D:10: 57 daAuts
